 Dungeon Crawl Stone Soup version 0.31.0-4-g52a2dc7128 (webtiles) character file.

Game seed: 4060909638129295659

44 Arctor the Shooter (level 3, 0/21 HPs)
             Began as a Kobold Hexslinger on Jan 22, 2024.
             Slain by a gnoll
             ... wielding a +0 spear
              (4 damage)
             ... on level 4 of the Dungeon.
             The game lasted 00:01:18 (1611 turns).

Arctor the Shooter (Kobold Hexslinger)              Turns: 1611, Time: 00:01:19

Health: 0/21       AC:  3    Str:  5    XL:     3   Next: 87%
Magic:  3/5        EV: 15    Int: 14    God:
Gold:   72         SH:  0    Dex: 19    Spells: 3/5 levels left

rFire   . . .        a - +1 sling
rCold   . . .        (no shield)
rNeg    . . .        c - +0 robe
rPois   .            (no helmet)
rElec   .            (no cloak)
rCorr   .            (no gloves)
SInv    .            f - +0 pair of boots
Will    .....        (no amulet)
Stlth   +++          (no ring)
HPRegen 0.23/turn    (no ring)
MPRegen 0.09/turn

%: no passive effects
@: weak-willed, jinxed
A: small, no large weapons, nightstalker 3
a: no special abilities


You were on level 4 of the Dungeon.
You visited 1 branch of the dungeon, and saw 4 of its levels.

You collected 72 gold pieces.

Inventory:

Hand Weapons
 a - a +1 sling (weapon)
Armour
 c - a +0 robe (worn)
 f - a +0 pair of boots (worn)
Scrolls
 b - a scroll of poison
 e - a scroll of enchant armour {unknown}
 g - 2 scrolls of revelation {unknown}
 h - 2 scrolls of fog {unknown}
 i - a scroll of identify {unknown}
 j - a scroll of teleportation {unknown}
 k - a scroll of noise {unknown}
 m - a scroll of fear {unknown}
Potions
 d - a potion of degeneration {unknown}
 l - a potion of attraction {unknown}


   Skills:
 + Level 1.7 Fighting
 + Level 3.2 Ranged Weapons
 + Level 3.0 Dodging
 + Level 1.7 Spellcasting
 + Level 3.2 Hexes
 + Level 1.4 Fire Magic


You had 3 spell levels left.
You knew the following spells:

 Your Spells              Type           Power      Damage    Failure   Level
a - Jinxbite              Hex            20%        N/A       10%         2

Your spell library contained the following spells:

 Spells                   Type           Power      Damage    Failure   Level
 Sigil of Binding         Hex            10%        N/A       21%         3
 Freeze                   Ice            4%         1d3       24%         1
 Inner Flame              Hex/Fire       7%         N/A       28%         3
 Frozen Ramparts          Ice            2%         1d1       58%         3
 Hailstorm                Conj/Ice       1%         3d5       58%         3
 Cause Fear               Hex            5%         N/A       54%         4
 Dimensional Bullseye     Hex/Tloc       2%         N/A       77%         4


Dungeon Overview and Level Annotations

Branches:
Dungeon (4/15)
 Temple: D:4-7

Altars:

Annotations:
D:2 Robin
D:3 Sigmund


Innate Abilities, Weirdness & Mutations

You are small and have problems with some larger weapons.
You are completely attuned to the shadows.


Message History

A gnoll comes into view. It is wielding a +0 spear.
You shoot a sling bullet.
The sling bullet barely misses the gnoll.
The sling bullet barely misses the kobold.
The sling bullet hits the gnoll.
The gnoll is moderately wounded.
The kobold hits you from afar with a +0 spear.
The gnoll hits you with a +0 club. The gnoll misses you. The kobold misses you.
The gnoll hits you with a +0 club.
* * * LOW HITPOINT WARNING * * *
The gnoll attacks as it pursues you! The gnoll hits you with a +0 club.
* * * LOW HITPOINT WARNING * * *
The gnoll attacks as it pursues you! The gnoll misses you.
The gnoll attacks as it pursues you! The gnoll misses you.
Casting: Jinxbite (safe; 10% risk of failure)
Confirm with . or Enter, or press ? or * to list all spells.
You beckon some vexing sprites to accompany your attacks.
You feel your willpower being sapped. The gnoll barely misses you.
You shoot a sling bullet.
The sling bullet barely misses the gnoll.
The sling bullet hits the kobold but does no damage.
A giggling sprite leaps out and smacks the kobold with its own hand.
You kill the kobold!
The gnoll closely misses you.
You shoot a sling bullet. The sling bullet hits the gnoll.
You kill the gnoll!
Your Dodging skill increases to level 3!
The gnoll hits you with a +0 spear.
* * * LOW HITPOINT WARNING * * *
Things that are here:
a +0 club; a gnoll corpse Fire: a) +1 sling
Press: ? - help, Q - select action, (/) - cycle Shift-Dir - straight line, f - gnoll
Aim: a gnoll, wielding a +0 spear (chance to call a sprite on attack: 52%, 64% to hit)
You shoot a sling bullet. The sling bullet hits the gnoll.
The gnoll is moderately wounded.
A giggling sprite leaps out and smacks the gnoll with its own hand.
The gnoll is heavily wounded.
The gnoll hits you with a +0 spear.
You die...

.##g#.....# .gg..g....#
.####.....# #g....# #.g...#
####.....# .[..g....# ######
####g#'### .....# #@#.#
########.#######.#.#
.................#..
.####.###########################
.# #.#..........................
.# #.#.#..#.#.##################
.####.#.#..#.#.# ..... #.#..#.#.#
.######.#..#.#.#


You could see 3 gnolls.

Vanquished Creatures
  A gnoll (D:4)
  4 orcs (D:3)
  An endoplasm (D:1)
  2 giant cockroaches
  4 hobgoblins
  A quokka (D:3)
  3 ball pythons
  2 frilled lizards (D:1)
  6 goblins
  3 kobolds
  4 rats
31 creatures vanquished.

Notes
Turn   | Place    | Note
-------+----------+-------------------------------------------
     0 | D:1      | Arctor the Kobold Hexslinger began the quest for the Orb.
     0 | D:1      | Reached XP level 1. HP: 12/12 MP: 2/2
   355 | D:1      | Reached XP level 2. HP: 13/16 MP: 4/4
   758 | D:2      | Noticed Robin
   825 | D:2      | You fall into a shaft and drop 2 floors!
   948 | D:3      | Reached XP level 3. HP: 20/20 MP: 5/5
  1120 | D:3      | Noticed Sigmund
  1314 | D:4      | Learned a level 2 spell: Jinxbite
  1319 | D:3      | HP: 1/21 [Sigmund/magic dart (10)]
  1611 | D:4      | Slain by a gnoll

Illustrated notes

Levels and vault maps discovered:
D:1:      ncdulo_wetmaze, layout_loops_ring, minmay_misc_feat_diagonals
D:2:      layout_loops_ring, basic_ecumenical_altar, kennysheep_generic_room_14,
          uniq_natasha, uniq_robin, uniq_terence, uniq_jessica
D:3:      layout_rooms, grunt_temple_overflow_champion_of_chaos, uniq_sigmund
D:4:      layout_basic, nicolae_the_louvre

Skill      XL: |  1  2  3 |
---------------+----------+-----
Ranged Weapons | 3 |  3.2
Dodging        | 3 |  3.0
Fighting       | |  1.7
Spellcasting   | |  1.7
Hexes          | |  3.2
Fire Magic     | |  1.4

Action                     || total
---------------------------++-------
   Fire: Sling             ||   107
   Cast: Jinxbite          ||     1
 Armour: Robe              ||    34
  Dodge: Dodged            ||    55
